 Dungeon Crawl Stone Soup version 0.18.1-50-g88ac8fd (webtiles) character file.

29206 juanjsm the Covert (level 13, -6/67 HPs)
             Began as a Spriggan Enchanter on Sept 28, 2016.
             Was the Champion of Okawaru.
             Mangled by a wraith (12 damage)
             ... led by Josephine
             ... on level 5 of the Lair of Beasts on Oct 4, 2016.
             The game lasted 01:36:04 (15238 turns).

juanjsm the Covert (Spriggan Enchanter)            Turns: 15238, Time: 01:36:05

Health: -6/67      AC:  5    Str:  4    XL:     13   Next: 13%
Magic:  2/29       EV: 29    Int: 17    God:    Okawaru [******]
Gold:   1101       SH:  0    Dex: 21    Spells: 5 memorised, 24 levels left

rFire  + . .     SeeInvis +     t - +2 dagger (speed)
rCold  . . .     Gourm    .     o - +2 robe {rF+}
rNeg   . . .     Faith    .     (shield restricted)
rPois  +         Spirit   .     (helmet restricted)
rElec  .         Dismiss  .     p - +0 cloak
rCorr  .         Reflect  .     (gloves unavailable)
SustAt .         Harm     .     (boots unavailable)
MR     ++...                    (no amulet)
Stlth  ++++++....               s - ring of poison resistance
                                O - ring of wizardry

@: very slightly contaminated, hasted and slowed, studying Armour, invisible,
very quick, very resistant to hostile enchantments, very stealthy
A: unfitting armour, see invisible, herbivore 3, speed 3, slow metabolism 2
a: Heroism, Finesse, Renounce Religion


You were on level 5 of the Lair of Beasts.
You worshipped Okawaru.
Okawaru was exalted by your worship.
You were not hungry.

You visited 3 branches of the dungeon, and saw 17 of its levels.
You also visited: Bailey.

You collected 1101 gold pieces.

Inventory:

Hand Weapons
 m - the +4 flail of the Special Dances {crush, +Blink rPois MR+, unknown}
   (You found it on level 3 of the Lair of Beasts)

   It inflicts extra damage upon your enemies.
   It protects you from poison.
   It affects your resistance to hostile enchantments.
   It lets you blink.
 r - the +3 scimitar of Mirowo Coricw {slice, +Rage rPois rF+ MP+9, unknown}
   (You found it on level 3 of the Lair of Beasts)

   It inflicts extra damage upon your enemies.
   It protects you from fire.
   It protects you from poison.
   It affects your magic capacity (+9).
   It lets you go berserk.
 t - a +2 dagger of speed (weapon)
Armour
 o - a +2 robe of fire resistance (worn)
 p - a +0 cloak (worn)
 q - a +1 robe of cold resistance
 K - the +6 buckler of the Stallion {rF+ rN+ Regen+ Str-5 Dex+3, unknown}
   (Okawaru gifted it to you on level 6 of the Lair of Beasts)

   It affects your strength (-5).
   It affects your dexterity (+3).
   It protects you from fire.
   It protects you from negative energy.
   It increases your rate of regeneration.
Jewellery
 s - a ring of poison resistance (right hand)
 O - a ring of wizardry (left hand)
Wands
 H - a wand of confusion (22/48)
 I - a wand of lightning (5/15)
Scrolls
 a - a scroll of amnesia {unknown}
 e - a scroll of fog {unknown}
 g - 2 scrolls of remove curse
 h - a scroll of enchant weapon {unknown}
 i - 2 scrolls of teleportation {unknown}
 v - 2 scrolls of blinking {unknown}
 E - a scroll of recharging {unknown}
 L - a scroll of noise {unknown}
 M - a scroll of enchant armour {unknown}
Potions
 f - 3 potions of agility
 j - 2 potions of flight
 k - 2 potions of brilliance
 l - 2 potions of resistance
 n - 2 potions of might
 u - a potion of curing
 w - a potion of lignification {unknown}
 z - a potion of cancellation
 G - a potion of berserk rage
 W - 3 potions of ambrosia
Books
 A - a book of Battle

   Spells                             Type                      Level
   a - Infusion                       Charms                       1
   b - Shroud of Golubria             Charms/Translocation         2
   c - Song of Slaying                Charms                       2
   d - Spectral Weapon                Hexes/Charms                 3
   e - Regeneration                   Charms/Necromancy            3
 B - a book of Alchemy

   Spells                             Type                      Level
   a - Sublimation of Blood           Necromancy                   2
   b - Ignite Poison                  Fire/Transmutation/Poison    3
   c - Petrify                        Transmutation/Earth          4
   d - Alistair's Intoxication        Transmutation/Poison         5
   e - Irradiate                      Conjuration/Transmutation    5
 F - a book of Ice

   Spells                             Type                      Level
   a - Ice Form                       Ice/Transmutation            4
   b - Metabolic Englaciation         Hexes/Ice                    5
   c - Ozocubu's Refrigeration        Ice                          6
   d - Bolt of Cold                   Conjuration/Ice              6
   e - Freezing Cloud                 Conjuration/Ice/Air          6
   f - Simulacrum                     Ice/Necromancy               6
 J - a manual of Armour
Miscellaneous
 b - a plain deck of war
 x - a stone of tremors
 y - a fan of gales
Comestibles
 d - 17 bread rations
 C - 20 fruits


   Skills:
 + Level 7.3 Fighting
 + Level 10.0 Short Blades
 * Level 7.3 Armour
 - Level 10.4 Dodging
 - Level 11.8 Stealth
 + Level 2.5 Shields
 + Level 11.3 Spellcasting
 + Level 11.4 Hexes
 + Level 6.5 Evocations


You had 24 spell levels left.
You knew the following spells:

 Your Spells              Type           Power        Failure   Level  Hunger
a - Corona                Hex            #####..      1%          1    None
b - Ensorcelled Hibernat  Hex/Ice        ####..       1%          2    None
c - Confuse               Hex            #####...     1%          3    None
d - Dazzling Spray        Conj/Hex       ####..       1%          3    None
e - Apportation           Tloc           #.........   4%          1    None


Dungeon Overview and Level Annotations

Branches:
Dungeon (9/15)             Temple (1/1) D:5            Lair (7/8) D:9
  Swamp (0/4) Lair:3        Snake (0/4) Lair:3
  Slime: Lair:6-8       Orc: D:9-12

Altars:
Ashenzari
Cheibriados
Dithmenos
Elyvilon
Fedhas
Gozag
Kikubaaqudgha
Makhleb
Nemelex Xobeh
Okawaru
Pakellas
Qazlal
Ru
Sif Muna
Trog
Vehumet
Xom
Yredelemnul
Zin
The Shining One

Shops:
D:5 :}(

Annotations:
D:4 Grinder
Lair:2 exclusion: oklob plant
Lair:3 Maud


Innate Abilities, Weirdness & Mutations

You are tiny and cannot use many weapons and most armour.
You have supernaturally acute eyesight.
You are a herbivore.
You cover ground extremely quickly.
You need consume almost no food.


Message History

You feel yourself speed up. The wraith misses you.
The yak completely misses you. The wraith barely misses you.
You hit the yak.
The yak is lightly wounded.
The yak gores you.
* * * LOW HITPOINT WARNING * * *
You hit the yak.
The yak is lightly wounded.
You hit the wraith but do no damage.
The wraith is almost destroyed.
The wraith barely misses you.
You hit the wraith but do no damage.
The wraith is almost destroyed.
The yak completely misses you.
You barely miss the wraith.
The wraith is almost destroyed.
You hit the wraith but do no damage.
The wraith is almost destroyed.
The wraith hits you!
You die...

### #.# ##### ### ###
#.###..P### ##Y# #### #..
##.........# ##@## #..###
##.
##..........###PW####....#
##.
###........#.###.P##.#.###
##..
###........#####..#....P##
#...
#P##...<.....#...........#
#...
......................>.##
#...
##.##.#.#..P####.......##
###.
########..###.........##
#.. #...####........P# ##.


You could see a yak and a wraith.

Vanquished Creatures
  Nessos (Lair:6)
  Snorg (Lair:4)
  Josephine (Lair:6)
  Harold (Lair:2)
  5 hydras
  Nergalle (Lair:2)
  An orc knight (Bailey)
  A hill giant (D:8)
  A griffon (Lair:2)
  4 elephants (Lair:5)
  5 black mambas
  6 spiny frogs
  6 komodo dragons
  2 trolls
  2 polar bears (Lair:6)
  A giant leech (Lair:3)
  8 blink frogs
  A spriggan (D:7)
  Sigmund (D:2)
  A wyvern (Lair:6)
  A wraith (Lair:6)
  17 yaks
  4 basilisks (Lair:5)
  A hippogriff (Lair:5)
  2 nagas (Lair:3)
  6 porcupines
  7 water moccasins
  3 ice beasts
  13 orc warriors
  A black bear (Lair:6)
  A necrophage (D:7)
  3 sky beasts
  A phantom (D:9)
  5 ogres
  3 wolves (Lair:6)
  4 centaurs
  8 crocodiles
  A big kobold (D:6)
  13 giant frogs
  2 gnoll sergeants (D:6)
  4 scorpions
  A water moccasin skeleton (D:6)
  4 electric eels
  2 howler monkeys
  A crimson imp (D:5)
  A jelly (D:7)
  8 hounds
  4 orc wizards
  A gnoll shaman (D:6)
  5 orc priests
  A centaur skeleton (D:7)
  5 iguanas
  3 worker ants
  4 hell rats (Lair:1)
  4 sheep (Lair:2)
  A hound skeleton (D:8)
  A worker ant zombie (D:7)
  9 gnolls (D:6)
  A howler monkey skeleton (D:6)
  5 adders
  45 river rats
  A shadow imp (D:9)
  3 oozes
  2 adder zombies (D:8)
  2 adder skeletons
  A worm (D:3)
  2 dart slugs (D:1)
  6 giant geckos
  28 orcs
  8 giant cockroaches
  8 goblins
  19 hobgoblins
  7 jackals
  11 kobolds
  2 quokkas
  2 ball pythons
  8 bats
  A giant gecko zombie (D:6)
  4 giant newts
  A quokka skeleton (D:5)
  16 rats
388 creatures vanquished.

Vanquished Creatures (others)
  A river rat (Lair:5)
  2 fungi (Lair:5)
  5 plants (Lair:5)
8 creatures vanquished.

Grand Total: 396 creatures vanquished

Notes
Turn   | Place    | Note
--------------------------------------------------------------
     0 | D:1      | juanjsm the Spriggan Enchanter began the quest for the Orb.
     0 | D:1      | Reached XP level 1. HP: 9/9 MP: 5/5
   180 | D:1      | Reached XP level 2. HP: 10/13 MP: 5/7
   185 | D:1      | Learned a level 2 spell: Ensorcelled Hibernation
   530 | D:1      | Reached XP level 3. HP: 7/17 MP: 1/8
   535 | D:1      | Learned a level 3 spell: Confuse
  1399 | D:2      | Reached skill level 1 in Fighting
  1483 | D:2      | Noticed Sigmund
  1497 | D:2      | Killed Sigmund
  1497 | D:2      | Reached skill level 5 in Stealth
  1497 | D:2      | Reached XP level 4. HP: 22/22 MP: 6/11
  1497 | D:2      | Reached XP level 5. HP: 25/25 MP: 6/12
  1533 | D:2      | Found a deep blue altar of Sif Muna.
  2363 | D:4      | Noticed Grinder
  2374 | D:4      | Reached XP level 6. HP: 30/30 MP: 7/13
  2470 | D:4      | Learned a level 3 spell: Dazzling Spray
  2472 | D:4      | Learned a level 1 spell: Apportation
  2609 | D:4      | Found a blossoming altar of Fedhas.
  3094 | D:5      | Entered Level 5 of the Dungeon
  3100 | D:5      | Found a glowing silver altar of Zin.
  3105 | D:5      | Found a shimmering altar of Xom.
  3105 | D:5      | Noticed an angel
  3107 | D:5      | Found Jyssoux's Weapon Emporium.
  3176 | D:5      | Found Orickeof's Book Shop.
  3215 | D:5      | Got an iridescent rapier
  3216 | D:5      | Identified the cursed +0 rapier of Dust {antimagic, *Noise +Inv rElec} (You found it on level 5 of the Dungeon)
  3231 | D:5      | Found Plog's Gadget Boutique.
  3305 | D:5      | Noticed a sky beast
  3650 | D:5      | Killed a sky beast
  3650 | D:5      | Reached skill level 5 in Dodging
  3706 | D:5      | Reached XP level 7. HP: 33/35 MP: 0/15
  3850 | D:5      | Found a staircase to the Ecumenical Temple.
  3865 | Temple   | Entered the Ecumenical Temple
  4198 | D:6      | Reached skill level 5 in Hexes
  4292 | D:6      | Reached skill level 5 in Spellcasting
  4504 | D:6      | Found a shattered altar of Ashenzari.
  4599 | D:6      | Found a shadowy altar of Dithmenos.
  4760 | D:6      | Found a bloodstained altar of Trog.
  4763 | D:6      | Found an iron altar of Okawaru.
  5051 | D:6      | Reached XP level 8. HP: 36/39 MP: 3/17
  5809 | D:6      | Became a worshipper of Warmaster Okawaru
  6023 | D:7      | Found a flagged portal.
  6030 | Bailey   | Entered a bailey
  6036 | Bailey   | Reached skill level 5 in Short Blades
  6105 | Bailey   | Reached XP level 9. HP: 44/44 MP: 16/19
  6303 | Bailey   | Reached * piety under Okawaru
  6399 | Bailey   | Noticed an orc knight
  6657 | Bailey   | Killed an orc knight
  6657 | Bailey   | Reached ** piety under Okawaru
  7146 | D:7      | Found a burning altar of Makhleb.
  7374 | D:7      | Reached *** piety under Okawaru
  7374 | D:7      | Reached XP level 10. HP: 51/51 MP: 22/22
  7381 | D:7      | Reached skill level 10 in Stealth
  7619 | D:8      | Noticed a hill giant
  7635 | D:8      | Killed a hill giant
  7860 | D:8      | Reached skill level 5 in Fighting
  8164 | D:9      | Found a staircase to the Lair.
  8761 | D:9      | Reached **** piety under Okawaru
  9029 | Lair:1   | Entered Level 1 of the Lair of Beasts
  9080 | Lair:1   | Reached skill level 10 in Dodging
  9085 | Lair:1   | Reached XP level 11. HP: 41/56 MP: 3/25
  9552 | Lair:1   | Reached ***** piety under Okawaru
 10228 | Lair:2   | Noticed Harold
 10250 | Lair:2   | Killed Harold
 10250 | Lair:2   | Received a gift from Okawaru
 10251 | Lair:2   | Got a bloodstained fire dragon armour {god gift}
 10296 | Lair:2   | Identified the +1 fire dragon armour of the Princeling {rPois rF++ rC- Regen+ rCorr Str+2 Int+7} (Okawaru gifted it to you on level 2 of the Lair of Beasts)
 10395 | Lair:2   | Noticed Nergalle
 10532 | Lair:2   | Killed Nergalle
 10532 | Lair:2   | Reached skill level 1 in Armour
 10532 | Lair:2   | Reached skill level 1 in Evocations
 10713 | Lair:2   | Noticed a griffon
 10726 | Lair:2   | Killed a griffon
 10726 | Lair:2   | Reached skill level 10 in Hexes
 10891 | Lair:2   | Found a blossoming altar of Fedhas.
 10904 | Lair:2   | Noticed an oklob plant
 11093 | Lair:3   | Found a staircase to the Snake Pit.
 11128 | Lair:3   | Reached skill level 10 in Spellcasting
 11380 | Lair:3   | Noticed Maud
 11492 | Lair:3   | Got a transparent flail
 11501 | Lair:3   | Noticed a five-headed hydra
 11523 | Lair:3   | Got a dazzling scimitar
 11549 | Lair:3   | Killed a five-headed hydra
 11591 | Lair:3   | Found a staircase to the Swamp.
 11602 | Lair:3   | Reached XP level 12. HP: 32/62 MP: 27/27
 11828 | Lair:3   | Received a gift from Okawaru
 12211 | Lair:4   | Noticed a five-headed hydra
 12219 | Lair:4   | Killed a five-headed hydra
 12219 | Lair:4   | Reached skill level 5 in Armour
 12479 | Lair:4   | Noticed an eight-headed hydra
 12486 | Lair:4   | Killed an eight-headed hydra
 12486 | Lair:4   | Reached skill level 1 in Shields
 12644 | Lair:4   | Noticed Snorg
 12648 | Lair:4   | Killed Snorg
 12890 | Lair:5   | Reached skill level 5 in Evocations
 12997 | Lair:5   | Noticed an eight-headed hydra
 13354 | Lair:5   | Found a glowing silver altar of Zin.
 13447 | Lair:5   | Reached ****** piety under Okawaru
 13910 | Lair:5   | Killed an eight-headed hydra
 14103 | Lair:6   | Noticed Josephine
 14178 | Lair:6   | Noticed a six-headed hydra
 14212 | Lair:6   | Killed a six-headed hydra
 14212 | Lair:6   | Received a gift from Okawaru
 14213 | Lair:6   | Got a spiked buckler {god gift}
 14588 | Lair:6   | Noticed Nessos
 14640 | Lair:6   | Killed Nessos
 14640 | Lair:6   | Reached XP level 13. HP: 25/67 MP: 12/29
 15204 | Lair:6   | Killed Josephine
 15204 | Lair:6   | Reached skill level 10 in Short Blades
 15238 | Lair:5   | Mangled by a wraith

Skill      XL: |  1  2  3  4  5  6  7  8  9 10 11 12 13 |
---------------+----------------------------------------+-----
Spellcasting   | 3 4 5 6 7 9 10 11 | 11.3
Fighting       | 1 2 3 4 5 6 7 |  7.3
Hexes          | 4 5 6 7 9 10 11 | 11.4
Short Blades   | 2 3 4 5 6 7 8 9 10 | 10.0
Dodging        | 4 5 6 7 8 10 | 10.4
Stealth        | 5 6 7 8 9 11 | 11.8
Armour         | 4 7 |  7.3
Evocations     | 3 6 |  6.5
Shields        | 2 |  2.5

Action                   |  1- 3 |  4- 6 |  7- 9 | 10-12 | 13-15 || total
-------------------------+-------+-------+-------+-------+-------++-------
Melee: Dagger            |   149 |   153 |   226 |   492 |    49 ||  1069
       Rapier            |       |    75 |       |       |       ||    75
 Cast: Corona            |     6 |     2 |       |       |       ||     8
       Ensorcelled Hiber |    23 |    41 |    72 |   234 |    17 ||   387
       Confuse           |     1 |     6 |    30 |    36 |    10 ||    83
       Dazzling Spray    |       |     3 |    11 |     8 |     4 ||    26
       Apportation       |       |       |       |     1 |       ||     1
  Use: Scroll            |       |     5 |       |     7 |     2 ||    14
       Potion            |       |       |       |     1 |     3 ||     4
 Stab: Sleeping          |    25 |    28 |    60 |   167 |     9 ||   289
       Confused          |     1 |     3 |    12 |    22 |     7 ||    45
       Invisible         |       |     1 |    10 |     4 |       ||    15
       Distracted        |       |     1 |     5 |     4 |       ||    10
  Eat: Fruit             |       |     2 |       |     1 |       ||     3
       Bread ration      |       |     1 |       |       |       ||     1
       Pizza             |       |       |     1 |     4 |       ||     5
Armor: Robe              |    22 |    34 |    16 |    12 |     2 ||    86
Dodge: Dodged            |   138 |   172 |   168 |   277 |    39 ||   794
